 Dungeon Crawl Stone Soup version 0.17-a0-1718-g72dbe4d (console) character file.

20363 utis the Spear-Bearer (level 12, -22/151 HPs)
             Began as a Centaur Fighter on Aug 24, 2015.
             Was a High Priest of Zin.
             Annihilated by a vampire knight
             ... wielding a +0 great mace
              (38 damage)
             ... on level 12 of the Dungeon.
             The game lasted 01:19:33 (23296 turns).

utis the Spear-Bearer (Centaur Fighter)            Turns: 23296, Time: 01:19:33

Health: -22/151    AC: 12    Str: 24    XL:     12   Next: 44%
Magic:  18/18      EV:  8    Int:  7    God:    Zin [*****.]
Gold:   120        SH:  9    Dex: 14    Spells: 0 memorised, 11 levels left

rFire  . . .     SeeInvis .     a - +1 trident
rCold  + . .     Clarity  .     s - +2 scale mail {rPois}
rNeg   . . .     SustAt   .     n - +0 shield
rPois  +         Gourm    .     (no helmet)
rElec  .         Spirit   .     V - +0 cloak
rCorr  .         Warding  .     O - +0 pair of gloves (curse)
rMut   .         Stasis   .     (no barding)
MR     +....                    I - amulet of rage
Stlth  ..........               T - ring of protection from magic {=R}
                                B - ring of protection from cold

@: berserking (expiring), short of breath, very quick, somewhat resistant to
hostile enchantments, extremely unstealthy
A: hooves 3, deformed body, speed 2, tough skin 3
a: Donate Gold, Recite, Vitalisation, Imprison, Sanctuary, Renounce Religion,
Evoke Berserk Rage


You were on level 12 of the Dungeon.
You worshipped Zin.
Zin was extremely pleased with you.
You were not hungry.

You visited 1 branch of the dungeon, and saw 12 of its levels.
You also visited: Sewer.

You collected 661 gold pieces.
You spent 475 gold pieces at shops.
You donated 66 gold pieces to Zin.

Inventory:

Hand weapons
 a - a +1 trident (weapon)
 c - a +0 blowgun
 x - a +2 spear of piercing
 Z - a +0 eveningstar of freezing
Missiles
 g - 39 poisoned needles
 k - 298 stones (quivered)
 H - 16 sling bullets
 K - 2 throwing nets {=f}
Armour
 b - a +0 scale mail
 f - a +0 cloak
 j - a +0 cloak
 n - a +0 shield (worn)
 s - a +2 scale mail of poison resistance (worn)
 v - a +0 chain mail
 L - a +0 scale mail
 O - a cursed +0 pair of gloves (worn)
 V - a +0 cloak (worn)
 W - a +1 pair of gloves
Jewellery
 o - an uncursed ring of magical power
 p - an uncursed ring of protection from fire
 q - an uncursed ring of ice
 r - an uncursed amulet of regeneration
 B - a ring of protection from cold (left hand)
 C - an uncursed ring of stealth {=f}
 I - an amulet of rage (around neck)
 M - a +4 ring of intelligence
 T - a ring of protection from magic (right hand) {=R}
Magical devices
 t - a wand of cold (8)
 u - a wand of frost (7)
 J - a wand of confusion (0)
 Q - a wand of magic darts (21)
 R - a wand of digging (17)
Scrolls
 h - 2 scrolls of magic mapping
 w - 2 scrolls of blinking {!r}
 y - 3 scrolls of teleportation {!r}
 A - a scroll of recharging
 E - 4 scrolls of enchant weapon
 G - 3 scrolls of remove curse
 N - 2 scrolls of fear {!r}
 P - 6 scrolls of identify
 X - a scroll of summoning
Potions
 d - a potion of brilliance
 l - a potion of resistance
 m - a potion of cure mutation {!q}
 z - a potion of magic
 D - 5 potions of curing
 U - a potion of heal wounds
Comestibles
 e - 8 bread rations
 i - 3 meat rations


   Skills:
 + Level 7.9 Fighting
 * Level 11.0 Polearms
 + Level 6.5 Armour
 + Level 6.0 Dodging
 - Level 2.1 Shields
 + Level 9.2 Invocations
 - Level 6.0 Evocations


You had 11 spell levels left.
You didn't know any spells.

Dungeon Overview and Level Annotations

Branches:
Dungeon (12/15)            Temple (0/1) D:4            Lair (0/8) D:10
    Orc (0/4) D:12

Altars:
Cheibriados
Dithmenos
Gozag
Nemelex Xobeh
Okawaru
Trog
Vehumet
Xom
Yredelemnul
Zin
The Shining One

Shops:
D:11 *

Annotations:
D:10 1 runed door


Innate Abilities, Weirdness & Mutations

You have hooves in place of feet.
Armour fits poorly on your strangely shaped body.
You cover ground very quickly.
You have extremely tough skin (AC +3).


Message History

* * * LOW HITPOINT WARNING * * *
Something bites you.
* * * LOW HITPOINT WARNING * * *
You barely miss something. You closely miss something. You kick something!
You puncture something! You kick something. Something hits you!!
* * * LOW HITPOINT WARNING * * *
Something bites you.
* * * LOW HITPOINT WARNING * * *
Something draws strength from your injuries!
You hit something but do no damage. You kick something.
You closely miss something. You kick something. Something hits you!!
* * * LOW HITPOINT WARNING * * *
Something bites you.
* * * LOW HITPOINT WARNING * * *
Something draws strength from your injuries!
You hit something. You kick something. You puncture something!
You kick something. You closely miss something. Your kick misses something.
Something hits you!!!
You die...

+,,+.÷.....<..'..'.≈≈..▓▓,,**▓▓▓*
▓▓▓▓...>......▓'▓▓.≈≈...▓▓,+,...,
......▓▓▓.....▓.▓..≈≈≈...▓▓*,....
......'.'.......+...≈≈≈...▓▓▓▓V▓▓
......▓.▓.......▓....≈≈≈≈≈≈≈≈≈≈≈≈
......▓.▓▓▓▓▓▓▓......[≈≈≈≈≈≈≈≈➘≈≈
......▓....▓ ▓........▓▓.▓▓▓▓...
▓+▓▓+▓▓...▓* ▓.{..▓▓▓'▓▓.▓▓.....
▓....▓▓▓'▓▓▓ ▓▓c▓▓▓▓▓.▓▓..▓.....
...........▓ ▓......➘.....'.➘...
.....^.....▓ *▓......▓.....▓.....
▓'▓▓.▓▓▓▓.▓▓ ▓....▓.▓▓'▓▓▓.▓.....
▓.▓▓.▓▓▓▓.▓▓ ▓▓▓▓▓▓▓▓▓.▓▓▓.▓▓▓...
..▓........▓ ▓....▓...▓...
..'........▓ ▓....▓...'...
'▓▓▓▓▓'▓▓.▓▓ ▓....'➘..▓...
.▓▓▓▓...▓▓▓ ****▓▓'▓▓▓▓▓'▓...


There were no monsters in sight!

Vanquished Creatures
  Maud (D:10)
  A hydra (D:11)
  Harold (D:10)
  Erica (D:11)
  An unseen horror (D:10)
  A cyclops (D:12)
  4 hill giants
  3 ugly things
  A centaur zombie (D:12)
  2 komodo dragons
  A kobold demonologist (D:11)
  4 trolls
  The ghost of urechis the Skirmisher, an average DsAK of Lugonu (D:5)
  A two-headed ogre (D:8)
  Grinder (D:3)
  5 flying skulls
  Sigmund (D:2)
  A human (D:7)
  A deep elf mage (D:11)
  4 vampires
  A water elemental (D:12)
  2 hippogriffs
  8 yaks
  A basilisk (D:10)
  3 wolves (D:10)
  A porcupine (D:12)
  5 ice beasts
  Duvessa (D:4)
  2 orc warriors
  A black bear (D:8)
  3 sky beasts
  5 ogres
  A necrophage (D:11)
  3 phantoms
  8 centaurs
  3 big kobolds
  5 giant frogs
  Dowan (D:3)
  A wyvern skeleton (D:7)
  12 killer bees
  5 scorpions
  A water moccasin skeleton (D:9)
  3 wights (D:11)
  6 electric eels
  2 giant frog zombies
  7 crimson imps
  4 orc priests
  11 orc wizards
  8 hounds
  6 human zombies (D:12)
  3 jellies
  Crazy Yiuf (D:4)
  3 giant frog skeletons
  2 centaur skeletons
  Jessica (D:3)
  4 iguanas
  14 worker ants
  A killer bee zombie (D:10)
  A hell rat (D:11)
  2 sheep (D:7)
  A hound zombie (D:9)
  A hound skeleton (D:4)
  2 worker ant zombies
  4 river rats (D:12)
  19 adders
  4 gnolls (D:6)
  7 white imps (D:12)
  2 shadow imps
  2 oozes
  An adder skeleton (D:7)
  2 adder zombies
  A worm (D:2)
  5 giant geckos
  36 orcs
  23 bats
  8 giant cockroaches
  9 goblins
  12 hobgoblins
  11 jackals
  6 ball pythons
  6 giant newts
  23 kobolds
  3 quokkas
  7 rats
383 creatures vanquished.

Vanquished Creatures (others)
  3 bushes (D:9)
3 creatures vanquished.

Grand Total: 386 creatures vanquished

Notes
Turn   | Place    | Note
--------------------------------------------------------------
     0 | D:1      | utis the Centaur Fighter began the quest for the Orb.
     0 | D:1      | Reached XP level 1. HP: 19/19 MP: 1/1
   107 | D:1      | Found an iron altar of Okawaru.
   304 | D:1      | Reached XP level 2. HP: 26/26 MP: 2/2
  1332 | D:2      | Reached XP level 3. HP: 28/31 MP: 3/3
  1626 | D:2      | Noticed Sigmund
  1645 | D:2      | Killed Sigmund
  1645 | D:2      | Reached skill level 5 in Polearms
  1645 | D:2      | Reached XP level 4. HP: 25/38 MP: 4/4
  1645 | D:2      | Reached XP level 5. HP: 29/45 MP: 5/5
  1968 | D:2      | Found a glowing golden altar of the Shining One.
  1978 | D:2      | Noticed an angel
  2005 | D:2      | Found a basalt altar of Yredelemnul.
  2406 | D:3      | Noticed Grinder
  2882 | D:3      | Found a glowing silver altar of Zin.
  2929 | D:3      | Reached XP level 6. HP: 51/51 MP: 6/6
  3330 | D:3      | Noticed Jessica
  3341 | D:3      | Killed Jessica
  3616 | D:3      | Reached skill level 1 in Dodging
  3732 | D:3      | Killed Grinder
  3949 | D:3      | Reached XP level 7. HP: 51/57 MP: 7/7
  4084 | D:3      | Became a worshipper of Zin the Law-Giver
  4084 | D:3      | Acquired Zin's first power
  4331 | D:4      | Found a glowing drain.
  4339 | Sewer    | Entered a sewer
  5332 | D:4      | Noticed Duvessa
  5332 | D:4      | Noticed Dowan
  5661 | D:4      | Killed Duvessa
  5794 | D:3      | Killed Dowan
  5795 | D:3      | my my my
  6220 | D:4      | Found a staircase to the Ecumenical Temple.
  6514 | D:4      | Noticed Crazy Yiuf
  6525 | D:4      | Killed Crazy Yiuf
  6959 | D:5      | Entered Level 5 of the Dungeon
  7194 | D:5      | Reached skill level 5 in Invocations
  7194 | D:5      | Reached XP level 8. HP: 56/63 MP: 11/11
  7241 | D:5      | ouch
  7737 | D:5      | Acquired Zin's second power
  7769 | D:5      | Noticed urechis's ghost (average DsAK)
  7817 | D:5      | Killed urechis's ghost
  7817 | D:5      | Reached skill level 6 in Polearms
  8735 | D:6      | Found a shadowy altar of Dithmenos.
  9308 | D:6      | Found a bloodstained altar of Trog.
  9327 | D:6      | Reached XP level 9. HP: 67/72 MP: 13/13
  9618 | D:6      | Found a shimmering altar of Xom.
 10102 | D:7      | Reached skill level 7 in Polearms
 10482 | D:7      | Reached skill level 5 in Fighting
 11456 | D:8      | Found a bloodstained altar of Trog.
 11614 | D:8      | Reached skill level 5 in Armour
 11803 | D:8      | Acquired Zin's third power
 11875 | D:8      | Reached skill level 8 in Polearms
 11965 | D:8      | Found a radiant altar of Vehumet.
 11967 | D:8      | Found an opulent altar of Gozag.
 11972 | D:8      | Found a sparkling altar of Nemelex Xobeh.
 12467 | D:8      | Reached XP level 10. HP: 77/83 MP: 15/15
 13584 | D:8      | Found an opulent altar of Gozag.
 13589 | D:8      | Found a sparkling altar of Nemelex Xobeh.
 13596 | D:8      | Found a radiant altar of Vehumet.
 14019 | D:9      | Found a snail-covered altar of Cheibriados.
 14370 | D:10     | Entered Level 10 of the Dungeon
 14566 | D:10     | Noticed a green ugly thing
 15056 | D:10     | Killed an unseen horror
 15056 | D:10     | Reached skill level 9 in Polearms
 15163 | D:10     | Killed a green ugly thing
 15318 | D:10     | Noticed a hill giant
 15407 | D:10     | Killed a hill giant
 15407 | D:10     | Reached skill level 5 in Dodging
 15510 | D:10     | Noticed Harold
 15793 | D:10     | Killed Harold
 15793 | D:10     | Reached XP level 11. HP: 55/91 MP: 16/16
 16246 | D:10     | Noticed Maud
 16945 | D:10     | Found a runed door.
 16948 | D:10     | Found a basalt altar of Yredelemnul.
 17313 | D:10     | Found a staircase to the Lair.
 17460 | D:10     | Reached skill level 10 in Polearms
 18145 | D:10     | Killed Maud
 18777 | D:11     | Noticed Erica
 18810 | D:11     | Killed Erica
 18886 | D:11     | Noticed a hill giant
 18950 | D:11     | Killed a hill giant
 19038 | D:11     | Noticed a six-headed hydra
 19155 | D:11     | Killed a six-headed hydra
 19174 | D:11     | Noticed a hill giant
 19213 | D:11     | Killed a hill giant
 19298 | D:11     | Found Toosm's General Store.
 19312 | D:11     | Bought an uncursed amulet of rage for 400 gold pieces
 19312 | D:11     | Bought a scroll of enchant armour for 75 gold pieces
 19466 | D:11     | Reached skill level 1 in Evocations
 19656 | D:11     | Acquired Zin's fourth power
 19836 | D:11     | Reached XP level 12. HP: 92/101 MP: 18/18
 20481 | D:12     | Found a staircase to the Orcish Mines.
 20931 | D:12     | Reached skill level 5 in Evocations
 22726 | D:12     | Reached skill level 11 in Polearms
 22909 | D:12     | Noticed a vampire knight
 23296 | D:12     | Annihilated by a vampire knight

Vault maps used:
D:1:      dpeg_arrival_shelter, okawaru_ov_weapons_minmay
D:2:      grunt_temple_overflow_holy_war, uniq_sigmund
D:3:      nicolae_overflow_crystal_walls, minivault_5, uniq_jessica,
          uniq_grinder
D:4:      temple_green, first_bread, gup_sewer_entry_spiral,
          uniq_crazy_yiuf_cottage, uniq_duvessa
D:5:      nicolae_sextant, grunt_decor_fettered
D:6:      xom_redecorated, hangedman_feature_mirror
D:7:      grunt_livestock
D:8:      kennysheep_mini, minmay_overflow_temple_star_quad,
          roderic_serpentine_path
D:9:      minmay_klotski, cheibriados_altar_1
D:10:     minmay_ornate_pinched, erik_lair_island, dk_yredelemnul_ordeal,
          uniq_harold, uniq_maud
D:11:     serial_shops, shop, uniq_erica
D:12:     lemuel_vampire_tower, portal_ice_cave_entry_imps
Sewer:    sewer_co_scattered_pipes

Action                   |  1- 3 |  4- 6 |  7- 9 | 10-12 || total
-------------------------+-------+-------+-------+-------++-------
Melee: Trident           |   128 |   156 |   798 |  1283 ||  2365
       Unarmed           |       |       |     2 |       ||     2
 Fire: Blowgun           |       |       |       |   143 ||   143
Throw: Stone             |    47 |    47 |   152 |   209 ||   455
Invok: Recite            |       |       |    17 |    39 ||    56
       Vitalisation      |       |       |     3 |    12 ||    15
 Abil: Evoke Berserk Rag |       |       |       |     6 ||     6
Evoke: Wand              |       |       |       |    11 ||    11
  Use: Scroll            |     3 |     2 |     7 |    17 ||    29
       Potion            |     1 |     2 |     9 |     3 ||    15
 Stab: Confused          |       |       |       |     3 ||     3
       Distracted        |       |       |       |     1 ||     1
  Eat: Chunk             |     2 |     6 |    19 |    18 ||    45
       Beef jerky        |       |       |     5 |     4 ||     9
       Fruit             |       |       |     1 |       ||     1
       Meat ration       |       |       |       |     1 ||     1
       Pizza             |       |       |       |     9 ||     9
       Royal jelly       |       |       |       |     1 ||     1
